 Dungeon Crawl Stone Soup version 0.23.0 (webtiles) character file.

Game seed: 327219483556643528

786 Fang the Skirmisher (level 7, -1/45 HPs)
             Began as a Gargoyle Berserker on Feb 11, 2019.
             Was an Elder of Trog.
             Slain by a gnoll
             ... wielding a +0 whip
              (3 damage)
             ... on level 5 of the Dungeon.
             The game lasted 00:07:41 (5175 turns).

Fang the Skirmisher (Gargoyle Berserker)            Turns: 5175, Time: 00:07:42

Health: -1/45      AC: 10    Str: 22    XL:     7   Next: 87%
Magic:  7/7        EV: 13    Int:  8    God:    Trog [****..]
Gold:   253        SH:  0    Dex:  7    Spells: 6/6 levels left

rFire    . . .     SeeInvis .   v - +0 war axe
rCold    . . .     Gourm    .   (no shield)
rNeg     + . .     Faith    .   b - +0 animal skin
rPois    ∞         Spirit   .   g - +2 helmet
rElec    +         Reflect  .   (no cloak)
rCorr    .         Harm     .   (no gloves)
MR       .....                  (no boots)
Stlth    ..........             (no amulet)
HPRegen  0.15/turn              i - -2 ring of dexterity (curse)
MPRegen  0.10/turn              o - ring of attention (curse)

@: berserk cooldown
A: negative energy resistance 1, electricity resistance, unbreathing,
petrification resistance, rot immunity, AC +4
a: Berserk, Trog's Hand, Brothers in Arms, Renounce Religion


You were on level 5 of the Dungeon.
You worshipped Trog.
Trog was greatly pleased with you.
You were very hungry.

You visited 1 branch of the dungeon, and saw 5 of its levels.

You collected 253 gold pieces.

Inventory:

Hand Weapons
 v - a +0 war axe (weapon)
Armour
 b - a +0 animal skin (worn)
 g - a +2 helmet (worn)
Jewellery
 i - a cursed -2 ring of dexterity (left hand)
 o - a cursed ring of attention (right hand)
Wands
 y - a wand of polymorph (6)
Scrolls
 a - a scroll of immolation {unknown}
 d - 2 scrolls of enchant armour {unknown}
 f - 7 scrolls of identify {unknown}
 l - 2 scrolls of fear {unknown}
 p - a scroll of enchant weapon {unknown}
 r - a scroll of remove curse {unknown}
 s - a scroll of blinking {unknown}
 t - 2 scrolls of fog {unknown}
 w - a scroll of teleportation {unknown}
 z - a scroll of magic mapping {unknown}
Potions
 e - a potion of curing
 h - a potion of haste {unknown}
 j - a potion of degeneration {unknown}
 k - a potion of agility
 m - a potion of brilliance {unknown}
 n - a potion of mutation {unknown}
 u - a potion of resistance {unknown}
Comestibles
 c - 17 rations


   Skills:
 + Level 5.7 Fighting
 + Level 4.6 Axes
 + Level 5.1 Armour
 + Level 3.7 Dodging


You had 6 spell levels left.
You didn't know any spells.
Your spell library was empty.

Dungeon Overview and Level Annotations

Branches:
Dungeon (5/15)
 Temple: D:4-7

Altars:
Kikubaaqudgha
Sif Muna


Innate Abilities, Weirdness & Mutations

You are resistant to torment.
Your stone body is resilient. (AC +4)
You are immune to poison.
You resist negative energy. (rN+)
You are resistant to electric shocks. (rElec)
You can survive without breathing.
You are immune to petrification.
You are immune to rotting.


Message History

Welcome back, Fang the Gargoyle Berserker.
Trog says: Kill them all!
Press ? for a list of commands and other information.
It was a potion of curing.
You feel better. The gnoll hits you with a +0 whip.
* * * LOW HITPOINT WARNING * * *
The gnoll misses you. The gnoll hits you with a +0 whip.
* * * LOW HITPOINT WARNING * * *
Okay, then.
You barely miss the gnoll.
The gnoll is lightly wounded.
You hit the gnoll but do no damage. The gnoll misses you.
The gnoll hits you but does no damage. The gnoll misses you.
Unknown command.
You slash the gnoll!
The gnoll is severely wounded.
You hit the gnoll but do no damage.
You feel yourself speed up.
You are no longer glowing.
The gnoll is no longer moving quickly.
The gnoll closely misses you. The gnoll hits you with a +0 whip.
You die...

#.....#####.....## #....#
#.....#####.....### #..#..
..###.#.#.#.###..(# ##...# #.#
#.#.#.#.#.....## ###...#
#.###...#...#......# #...#..
#...#########......# #.#...#
#.....####.##......# #.##.##
.....).....####[##.# #.##.#
#.....####.# #g@#.# #.##.#
#....## #.# ##g#.### #.##.#
#.#### #.# #g#...## ##.##.##
#.########.#####g#.#..####.......
.P.............ggg...............
≈≈≈≈≈≈≈≈≈≈≈≈≈≈≈≈(g≈....≈≈≈≈≈≈≈≈≈≈
≈≈≈≈≈≈≈≈≈≈≈≈≈≈≈≈≈≈≈....≈≈≈≈≈≈≈≈≈≈
≈≈#####≈≈≈≈≈≈≈≈≈≈≈≈....≈≈≈≈≈≈≈≈≈≈
≈≈#...#..........................


You could see 8 gnolls.

Vanquished Creatures
  A phantom (D:5)
  An ogre (D:5)
  A vampire bat (D:2)
  2 crimson imps (D:5)
  A hound (D:5)
  2 orc priests
  2 gnoll shamans (D:5)
  An iguana (D:5)
  3 orc wizards
  2 hound skeletons
  6 gnolls (D:5)
  7 adders
  An ooze (D:2)
  4 worms
  3 dart slugs
  A leopard gecko (D:2)
  8 orcs
  2 ball pythons
  5 bats
  4 bat skeletons (D:2)
  3 bat zombies (D:2)
  A giant cockroach (D:4)
  4 goblins
  6 hobgoblins
  17 jackals
  8 kobolds
  2 quokkas
  5 frilled lizards
  A jackal skeleton (D:5)
  9 rats
113 creatures vanquished.

Notes
Turn   | Place    | Note
-------+----------+-------------------------------------------
     0 | D:1      | Fang the Gargoyle Berserker began the quest for the Orb.
     0 | D:1      | Reached XP level 1. HP: 14/14 MP: 1/1
   240 | D:1      | Reached XP level 2. HP: 18/19 MP: 2/2
   807 | D:2      | Reached XP level 3. HP: 13/23 MP: 3/3
  1225 | D:2      | Reached ** piety under Trog
  1225 | D:2      | Reached XP level 4. HP: 29/29 MP: 4/4
  1323 | D:2      | Found an ancient bone altar of Kikubaaqudgha.
  1580 | D:3      | Reached XP level 5. HP: 33/33 MP: 5/5
  2419 | D:3      | HP: 1/33 [orc priest/nerve-wracking pain (6)]
  3005 | D:4      | Reached XP level 6. HP: 13/39 MP: 6/6
  3007 | D:4      | Reached *** piety under Trog
  3535 | D:4      | Found a deep blue altar of Sif Muna.
  3665 | D:5      | Entered Level 5 of the Dungeon
  3830 | D:5      | Noticed a phantom
  4135 | D:5      | Killed a phantom
  4135 | D:5      | Reached skill level 5 in Fighting
  4135 | D:5      | Reached XP level 7. HP: 28/44 MP: 7/7
  4742 | D:5      | Reached **** piety under Trog
  5130 | D:5      | Reached skill level 5 in Armour
  5173 | D:5      | HP: 2/45 [gnoll/+0 whip (4)]
  5175 | D:5      | Slain by a gnoll

Skill      XL: |  1  2  3  4  5  6  7 |
---------------+----------------------+-----
Axes           | 3 4 |  4.6
Dodging        | 2 3 |  3.7
Armour         | 3 4 5 |  5.1
Fighting       | 4 5 |  5.7

Action                   |  1- 3 |  4- 6 |  7- 9 || total
-------------------------+-------+-------+-------++-------
Melee: Hand axe          |    96 |   184 |       ||   280
       War axe           |       |    80 |   162 ||   242
Invok: Berserk           |     1 |     2 |     2 ||     5
  Use: Potion            |       |     2 |     2 ||     4
  Eat: Chunk             |     2 |    10 |     6 ||    18
Armor: Animal skin       |    35 |   137 |    86 ||   258
Dodge: Dodged            |    62 |   177 |   160 ||   399
